 Dungeon Crawl Stone Soup version 0.32-a0-35-gd9ff480968 (webtiles) character file.

Game seed: 10586440202093398623

143 jlumianski the Ruffian (level 5, -2/61 HPs)
             Began as a Gnoll Shapeshifter on Jan 23, 2024.
             Slain by an ogre
             ... wielding a +0 giant club
              (20 damage)
             ... on level 4 of the Dungeon.
             The game lasted 00:11:03 (2352 turns).

jlumianski the Ruffian (Gnoll Shapeshifter)         Turns: 2352, Time: 00:11:03

Health: -2/61      AC: 22    Str: 15    XL:     5   Next: 25%
Magic:  0/7        EV: -1    Int: 10    God:
Gold:   168        SH:  0    Dex: 11    Spells: 6/6 levels left

rFire   . . .        w - +1 demon trident
rCold   . . .        (no shield)
rNeg    + . .        f - melded +0 chain mail
rPois   +            (helmet currently unavailable)
rElec   .            (cloak currently unavailable)
rCorr   .            (gloves currently unavailable)
SInv    +            (boots currently unavailable)
Will    .....        u - amulet of guardian spirit
Stlth   ++           m - ring of positive energy
HPRegen 0.30/turn    v - ring of see invisible
MPRegen 0.10/turn

%: guardian spirit
@: tree-form, constricted
A: stationary, stasis, torment immunity, boosted hp, (fangs 1), strong nose,
distributed training
a: no special abilities


You were on level 4 of the Dungeon.
You were a tree.
You visited 1 branch of the dungeon, and saw 4 of its levels.

You collected 168 gold pieces.

Inventory:

Hand Weapons
 w - a +1 demon trident (weapon)
Missiles
 g - 3 boomerangs
 j - 3 silver javelins
 p - 2 atropa-tipped darts
 t - 8 poisoned darts (quivered)
Armour
 a - a +0 animal skin
 e - a +1 helmet
 f - a +0 chain mail (melded)
 h - a +0 ring mail
Jewellery
 m - a ring of positive energy (left branch)
 u - an amulet of guardian spirit (around neck)
 v - a ring of see invisible (right branch)
Talismans
 c - a beast talisman
 d - a flux talisman
Potions
 i - a potion of invisibility {unknown}
 l - a potion of brilliance
 o - a potion of degeneration
 q - a potion of curing
 r - a potion of cancellation
 s - a potion of ambrosia


   Skills:
 + Level 3.0 Fighting
 + Level 1.4 Short Blades
 + Level 1.4 Long Blades
 + Level 1.4 Axes
 + Level 1.4 Maces & Flails
 + Level 1.4 Polearms
 + Level 1.4 Staves
 + Level 1.4 Ranged Weapons
 + Level 1.4 Throwing
 + Level 1.4 Armour
 + Level 4.8 Dodging
 + Level 1.4 Stealth
 + Level 1.4 Shields
 + Level 6.7 Unarmed Combat
 + Level 1.4 Spellcasting
 + Level 1.1 Conjurations
 + Level 1.1 Hexes
 + Level 1.1 Summonings
 + Level 1.1 Necromancy
 + Level 1.1 Translocations
 + Level 1.1 Fire Magic
 + Level 1.1 Ice Magic
 + Level 1.1 Air Magic
 + Level 1.1 Earth Magic
 + Level 1.1 Alchemy
 + Level 1.6 Invocations
 + Level 1.4 Evocations
 + Level 6.6 Shapeshifting


You had 6 spell levels left.
You didn't know any spells.
Your spell library contained the following spells:

 Spells                   Type           Power      Damage    Failure   Level
 Necrotise                Necr           12%        1d4       21%         1
 Summon Small Mammal      Summ           12%        N/A       21%         1
 Call Canine Familiar     Summ           3%         N/A       52%         3
 Vampiric Draining        Necr           3%         2d6       52%         3
 Martyr's Knell           Necr/Summ      3%         N/A       90%         4
 Summon Blazeheart Golem  Fire/Summ      3%         N/A       90%         4
 Curse of Agony           Necr           3%         N/A       99%         5


Dungeon Overview and Level Annotations

Branches:
Dungeon (4/15)
 Temple: D:4-7

Altars:

Shops:
D:1 =


Innate Abilities, Weirdness & Mutations

You are a tree.
Your roots penetrate the ground, keeping you stationary.
You cannot be teleported.
You are immune to unholy pain and torment.
Your maximum health is greatly increased.
Your equipment is partially melded.
((You have very sharp teeth.))
Your uncanny sense of smell can sniff out nearby items.
Your experience applies equally to all skills.


Message History

A ball python comes into view.
The ball python hisses angrily.
The dart slug barely misses you.
You see here a +0 sling.
There is a stone staircase leading down here.
You puncture the ball python!
You kill the ball python!
The dart slug launches a dart at you. The slug dart hits you.
You see here a ball python corpse.
You puncture the dart slug!
The dart slug is almost dead.
The dart slug bites you but does no damage.
You puncture the dart slug!
You kill the dart slug!
You see here a dart slug corpse.
There is a stone staircase leading down here.
You climb downwards.
The ball python hisses angrily.
The ogre shouts!
You hear a shout!
A hobgoblin comes into view.
There is a stone staircase leading up here.
The ball python bites you. The ball python grabs you.
You stop ascending the stairs.
The ball python constricts you. The ogre hits you with a +0 giant club!
You hit the ogre but do no damage. The ball python bites you.
The ball python constricts you.
The ball python bites you but does no damage.
The ball python constricts you.
The ogre hits you with a +0 giant club!!
* * * LOW HITPOINT WARNING * * *
Your transformation has ended.
You turn into a tree.
Your +0 chain mail melds into your body.
Your roots penetrate the ground.
The ball python bites you but does no damage.
The ball python constricts you.
You hit the ogre.
The ogre is lightly wounded.
The ogre hits you with a +0 giant club!!
You die...

♣♣♣ ♣♣.♣♣
♣♣...♣♣
♣.♣♣♣.....♣♣♣.♣
.....gS♣.......
♣.♣♣♣..O..♣♣♣.♣
♣♣...♣♣ ♣♣.♣♣
♣♣♣


You could see an ogre, a hobgoblin and a ball python.

Vanquished Creatures
  A hound (D:4)
  Jessica (D:3)
  An adder (D:2)
  2 ribbon worms (D:2)
  5 dart slugs
  An orc (D:2)
  6 endoplasms
  5 giant cockroaches
  4 goblins
  4 hobgoblins
  6 kobolds
  5 quokkas
  5 ball pythons
  2 bats
  4 frilled lizards
  8 rats
  A spectral hobgoblin (D:2)
61 creatures vanquished.

Notes
Turn   | Place    | Note
-------+----------+-------------------------------------------
     0 | D:1      | jlumianski the Gnoll Shapeshifter began the quest for the
                  | Orb.
     0 | D:1      | Reached XP level 1. HP: 17/17 MP: 1/1
    46 | D:1      | Found Rott's Jewellery Boutique.
    94 | D:1      | Reached XP level 2. HP: 19/23 MP: 2/2
   423 | D:1      | Reached XP level 3. HP: 28/28 MP: 3/3
  1045 | D:2      | Reached skill level 1 in Invocations
  1109 | D:2      | Reached skill level 1 in Short Blades
  1109 | D:2      | Reached skill level 1 in Long Blades
  1109 | D:2      | Reached skill level 1 in Axes
  1109 | D:2      | Reached skill level 1 in Maces & Flails
  1109 | D:2      | Reached skill level 1 in Polearms
  1109 | D:2      | Reached skill level 1 in Staves
  1109 | D:2      | Reached skill level 1 in Ranged Weapons
  1109 | D:2      | Reached skill level 1 in Throwing
  1109 | D:2      | Reached skill level 1 in Armour
  1109 | D:2      | Reached skill level 1 in Stealth
  1109 | D:2      | Reached skill level 1 in Shields
  1109 | D:2      | Reached skill level 1 in Spellcasting
  1109 | D:2      | Reached skill level 1 in Evocations
  1351 | D:3      | Reached XP level 4. HP: 34/34 MP: 5/5
  1815 | D:3      | Noticed Jessica
  1828 | D:2      | Found a faded altar of an unknown god.
  2148 | D:3      | Reached skill level 1 in Conjurations
  2148 | D:3      | Reached skill level 1 in Hexes
  2148 | D:3      | Reached skill level 1 in Summonings
  2148 | D:3      | Reached skill level 1 in Necromancy
  2148 | D:3      | Reached skill level 1 in Translocations
  2148 | D:3      | Reached skill level 1 in Fire Magic
  2148 | D:3      | Reached skill level 1 in Ice Magic
  2148 | D:3      | Reached skill level 1 in Air Magic
  2148 | D:3      | Reached skill level 1 in Earth Magic
  2148 | D:3      | Reached skill level 1 in Alchemy
  2188 | D:3      | Killed Jessica
  2230 | D:4      | Reached XP level 5. HP: 35/41 MP: 4/7
  2348 | D:4      | Noticed an ogre
  2352 | D:4      | Slain by an ogre

Illustrated notes

Levels and vault maps discovered:
D:1:      mrwooster_arrival_statue_3, layout_basic, serial_shops, shop
D:2:      layout_basic, serial_aquarium, aquarium_bridge_square
          [aquarium_subvault_wall, aquarium_subvault_bridge,
          aquarium_subvault_balcony, aquarium_subvault_balcony],
          aquarium_window_1, aquarium_window_1, aquarium_window_2,
          aquarium_view_2b, aquarium_balcony_1a,
          dreamdust_ecumenical_altar_drowned_temple
D:3:      layout_basic, nzn_wu_jian_contemplation, minmay_misc_feat_tiny,
          uniq_jessica
D:4:      layout_basic, kennysheep_diamond

Skill      XL: |  1  2  3  4 |
---------------+-------------+-----
Invocations    | 1 |  1.6
Short Blades   | 1 |  1.4
Long Blades    | 1 |  1.4
Axes           | 1 |  1.4
Maces & Flails | 1 |  1.4
Polearms       | 1 |  1.4
Staves         | 1 |  1.4
Ranged Weapons | 1 |  1.4
Throwing       | 1 |  1.4
Armour         | 1 |  1.4
Stealth        | 1 |  1.4
Shields        | 1 |  1.4
Spellcasting   | 1 |  1.4
Evocations     | 1 |  1.4
Conjurations   | 1 |  1.1
Hexes          | 1 |  1.1
Summonings     | 1 |  1.1
Necromancy     | 1 |  1.1
Translocations | 1 |  1.1
Fire Magic     | 1 |  1.1
Ice Magic      | 1 |  1.1
Air Magic      | 1 |  1.1
Earth Magic    | 1 |  1.1
Alchemy        | 1 |  1.1
Fighting       | 3 |  3.0
Dodging        | |  4.8
Unarmed Combat | |  6.7
Shapeshifting  | |  6.6

Action                     |  1- 3 |  4- 6 || total
---------------------------+-------+-------++-------
  Melee: Unarmed           |    65 |     9 ||    74
         Bite              |     4 |     1 ||     5
         Punch             |     3 |     2 ||     5
         Demon trident     |       |    30 ||    30
  Throw: Javelin           |     1 |       ||     1
    Use: Scroll            |       |     9 ||     9
         Potion            |       |     3 ||     3
 Armour: Animal skin       |     3 |       ||     3
         Ring mail         |    30 |     3 ||    33
         Chain mail        |       |    28 ||    28
         Skin              |       |     2 ||     2
  Dodge: Dodged            |    40 |    17 ||    57

Table legend: (Time is in decaauts)
 A = Elapsed time spent in this place.
 B = Non-inter-level travel time spent in this place.
 C = Inter-level travel time spent in this place.
 D = Time resting spent in this place.
 E = Time spent auto-exploring this place.
 F = Levels seen in this place.
 G = Mean time per level.
                   A        B        C        D        E       F      G
               +--------+--------+--------+--------+--------+-----+--------+
         Total |   2355 |   2230 |    125 |     12 |   1244 |   4 |  588.8 |
       Dungeon |   2355 |   2230 |    125 |     12 |   1244 |   4 |  588.8 |
               +--------+--------+--------+--------+--------+-----+--------+

Top non-repeatable levels by time:
     D:2: 951 daAuts
     D:1: 869 daAuts
     D:3: 474 daAuts
     D:4: 60 daAuts
